PL
NORTHERN VIRGINIA RETRIEVERS @ RICHARDSON CITY THUNDERCATS
09/13/2025
 
TOP OF THE 1ST
Northern Virginia Retrievers batting - Pitching for Richardson City Thundercats : RHP Cordell Wilson
Pitching: RHP Cordell Wilson
Batting: LHB Francisco Ornelas 0-0: Called Strike
0-1: Ball
1-1: Ball
2-1: Ball
3-1: Base on Balls
Batting: LHB Munemori Ohara 0-0: Called Strike
0-1: Ball
1-1: Fielders Choice at 2nd, 5-4 (Groundball, 56)
Batting: RHB Brett Callison 0-0: Called Strike
0-1: Ball
1-1: Ball
2-1: Ball
3-1: Grounds into double play, 5-4-3 (Groundball, 56)
Top of the 1st over - 0 run(s), 0 hit(s), 0 error(s), 0 left on base; Northern Virginia 0 - Richardson City 0
BOTTOM OF THE 1ST
Richardson City Thundercats batting - Pitching for Northern Virginia Retrievers : RHP 聲gel Navarro
Pitching: RHP 聲gel Navarro
Batting: RHB Chriss Mann 0-0: Ball
1-0: Foul Ball, location: 2F
1-1: SINGLE (Line Drive, 5D)
Batting: SHB Mitch Qualtrough 0-0: Called Strike
0-1: Ball
1-1: Foul Ball, location: 2F
1-2: SINGLE (Groundball, 4MD)
Chriss Mann to second
Batting: LHB Carroll Martin 0-0: Called Strike
0-1: Ball
1-1: Fly out, F9 (Flyball, 89M)
Batting: SHB Seishiro Nishimura 0-0: Ball
1-0: Grounds into double play, 6-4-3 (Groundball, 6)
Bottom of the 1st over - 0 run(s), 2 hit(s), 0 error(s), 1 left on base; Northern Virginia 0 - Richardson City 0
TOP OF THE 2ND
Northern Virginia Retrievers batting - Pitching for Richardson City Thundercats : RHP Cordell Wilson
Batting: LHB Roberto S嫕chez 0-0: Called Strike
0-1: Foul Ball, location: 2F
0-2: Foul Ball, location: 2F
0-2: Strikes out swinging
Batting: RHB Shohei Kiyomizu 0-0: Ball
1-0: Ball
2-0: Called Strike
2-1: Foul Ball, location: 2F
2-2: Ball
3-2: Fly out, F4 (Popup, 4D)
Batting: SHB Jake Richardson 0-0: Called Strike
0-1: Swinging Strike
0-2: Ball
1-2: Strikes out swinging
Top of the 2nd over - 0 run(s), 0 hit(s), 0 error(s), 0 left on base; Northern Virginia 0 - Richardson City 0
BOTTOM OF THE 2ND
Richardson City Thundercats batting - Pitching for Northern Virginia Retrievers : RHP 聲gel Navarro
Batting: LHB Fernando Ram甏ez 0-0: Called Strike
0-1: Ball
1-1: Ball
2-1: Ball
3-1: Foul Ball, location: 2F
3-2: Base on Balls
Batting: RHB Alden Wiley 0-0: Ball
1-0: Fly out, F7 (Flyball, 7)
Batting: LHB Terrence Eler 0-0: Grounds into double play, 6-4-3 (Groundball, 6)
Bottom of the 2nd over - 0 run(s), 0 hit(s), 0 error(s), 0 left on base; Northern Virginia 0 - Richardson City 0
TOP OF THE 3RD
Northern Virginia Retrievers batting - Pitching for Richardson City Thundercats : RHP Cordell Wilson
Batting: RHB Ju-chan Pak 0-0: Ball
1-0: Foul Ball, location: 2F
1-1: Swinging Strike
1-2: Ball
2-2: Strikes out swinging
Batting: SHB Gustavo Fuentes 0-0: Swinging Strike
0-1: Swinging Strike
0-2: Foul Ball, location: 2F
0-2: Strikes out swinging
Batting: LHB Wayne Akers 0-0: Ball
1-0: Ball
2-0: Foul Ball, location: 2F
2-1: Ground out 5-3 (Groundball, 56)
Top of the 3rd over - 0 run(s), 0 hit(s), 0 error(s), 0 left on base; Northern Virginia 0 - Richardson City 0
BOTTOM OF THE 3RD
Richardson City Thundercats batting - Pitching for Northern Virginia Retrievers : RHP 聲gel Navarro
Batting: RHB Joey Jones 0-0: Ball
1-0: Swinging Strike
1-1: Ball
2-1: Fly out, F9 (Flyball, 9)
Batting: RHB Javier Ch嫛ez 0-0: Called Strike
0-1: Ball
1-1: Called Strike
1-2: Strikes out looking
Batting: RHB Chriss Mann 0-0: Ball
1-0: Called Strike
1-1: Ball
2-1: Foul Ball, location: 2F
2-2: Foul Ball, location: 2F
2-2: Foul Ball, location: 2F
2-2: Ball
3-2: Base on Balls
Batting: SHB Mitch Qualtrough 0-0: Called Strike
0-1: Foul Ball, location: 2F
0-2: Ball
1-2: Fly out, F8 (Line Drive, 8LD)
Bottom of the 3rd over - 0 run(s), 0 hit(s), 0 error(s), 1 left on base; Northern Virginia 0 - Richardson City 0
TOP OF THE 4TH
Northern Virginia Retrievers batting - Pitching for Richardson City Thundercats : RHP Cordell Wilson
Batting: LHB Francisco Ornelas 0-0: Called Strike
0-1: Swinging Strike
0-2: Ball
1-2: Strikes out swinging
Batting: LHB Munemori Ohara 0-0: Ball
1-0: Ball
2-0: Foul Ball, location: 2F
2-1: Foul Ball, location: 2F
2-2: Foul Ball, location: 2F
2-2: Strikes out swinging
Batting: RHB Brett Callison 0-0: Ground out 4-3 (Groundball, 4)
Top of the 4th over - 0 run(s), 0 hit(s), 0 error(s), 0 left on base; Northern Virginia 0 - Richardson City 0
BOTTOM OF THE 4TH
Richardson City Thundercats batting - Pitching for Northern Virginia Retrievers : RHP 聲gel Navarro
Batting: LHB Carroll Martin 0-0: Called Strike
0-1: Foul Ball, location: 2F
0-2: SINGLE (Groundball, 6D)
Batting: SHB Seishiro Nishimura 0-0: Called Strike
0-1: Ball
1-1: SINGLE (Groundball, 34) (infield hit)
Carroll Martin to second
Batting: LHB Fernando Ram甏ez 0-0: Foul Ball, location: 2F
0-1: Called Strike
0-2: Grounds into double play, 6-4-3 (Groundball, 6)
Carroll Martin to third
Batting: RHB Alden Wiley 0-0: Ball
1-0: Called Strike
1-1: Called Strike
1-2: Ball
2-2: Ball
3-2: SINGLE (Line Drive, 8LS)
Carroll Martin scores
Batting: LHB Terrence Eler 0-0: Ball
1-0: Fly out, F3 (Line Drive, 3S)
Bottom of the 4th over - 1 run(s), 3 hit(s), 0 error(s), 1 left on base; Northern Virginia 0 - Richardson City 1
TOP OF THE 5TH
Northern Virginia Retrievers batting - Pitching for Richardson City Thundercats : RHP Cordell Wilson
Batting: LHB Roberto S嫕chez 0-0: Ball
1-0: Foul Ball, location: 2F
1-1: Ball
2-1: Called Strike
2-2: Strikes out looking
Batting: RHB Shohei Kiyomizu 0-0: Ground out 6-3 (Groundball, 6MD)
Batting: SHB Jake Richardson 0-0: Ball
1-0: Called Strike
1-1: Ball
2-1: Ball
3-1: Fly out, F7 (Flyball, 78S)
Top of the 5th over - 0 run(s), 0 hit(s), 0 error(s), 0 left on base; Northern Virginia 0 - Richardson City 1
BOTTOM OF THE 5TH
Richardson City Thundercats batting - Pitching for Northern Virginia Retrievers : RHP 聲gel Navarro
Batting: RHB Joey Jones 0-0: Ball
1-0: Ball
2-0: Called Strike
2-1: Foul Ball, location: 2F
2-2: Ball
3-2: Base on Balls
Batting: RHB Javier Ch嫛ez 0-0: Bunted foul
0-1: Bunt missed!
0-2: Foul Ball, location: 2F
0-2: Fly out, F7 (Flyball, 78D)
Batting: RHB Chriss Mann 0-0: Ball
1-0: Ball
2-0: Ball
3-0: Called Strike
3-1: Called Strike
3-2: Fly out, F9 (Flyball, 9)
Batting: SHB Mitch Qualtrough 0-0: Ball
1-0: Fly out, F7 (Line Drive, 7LS)
Bottom of the 5th over - 0 run(s), 0 hit(s), 0 error(s), 1 left on base; Northern Virginia 0 - Richardson City 1
TOP OF THE 6TH
Northern Virginia Retrievers batting - Pitching for Richardson City Thundercats : RHP Cordell Wilson
Batting: RHB Ju-chan Pak 0-0: Fly out, F7 (Flyball, 7)
Batting: SHB Gustavo Fuentes 0-0: Ground out 3-1 (Groundball, 34)
Batting: LHB Wayne Akers 0-0: Called Strike
0-1: Called Strike
0-2: Strikes out looking
Top of the 6th over - 0 run(s), 0 hit(s), 0 error(s), 0 left on base; Northern Virginia 0 - Richardson City 1
BOTTOM OF THE 6TH
Richardson City Thundercats batting - Pitching for Northern Virginia Retrievers : RHP 聲gel Navarro
Batting: LHB Carroll Martin 0-0: Fly out, F3 (Popup, 3D)
Batting: SHB Seishiro Nishimura 0-0: Fly out, F3 (Popup, 34)
Batting: LHB Fernando Ram甏ez 0-0: Ball
1-0: Foul Ball, location: 2F
1-1: Ball
2-1: Called Strike
2-2: Strikes out swinging
Bottom of the 6th over - 0 run(s), 0 hit(s), 0 error(s), 0 left on base; Northern Virginia 0 - Richardson City 1
TOP OF THE 7TH
Northern Virginia Retrievers batting - Pitching for Richardson City Thundercats : RHP Cordell Wilson
Batting: LHB Francisco Ornelas 0-0: Ball
1-0: Ball
2-0: Fly out, F7 (Flyball, 7LM)
Batting: LHB Munemori Ohara 0-0: Foul Ball, location: 2F
0-1: Foul Ball, location: 2F
0-2: Ball
1-2: Foul Ball, location: 2F
1-2: Ground out 4-3 (Groundball, 34D)
Batting: RHB Brett Callison 0-0: Ball
1-0: SINGLE (Groundball, 56D)
Batting: LHB Roberto S嫕chez 0-0: Fielders Choice at 2nd, 6-4 (Groundball, 6)
Top of the 7th over - 0 run(s), 1 hit(s), 0 error(s), 0 left on base; Northern Virginia 0 - Richardson City 1
BOTTOM OF THE 7TH
Richardson City Thundercats batting - Pitching for Northern Virginia Retrievers : RHP 聲gel Navarro
Batting: RHB Alden Wiley 0-0: Swinging Strike
0-1: Foul Ball, location: 2F
0-2: SINGLE (Groundball, 34D)
Batting: LHB Terrence Eler 0-0: Foul Ball, location: 2F
0-1: Foul Ball, location: 2F
0-2: Strikes out looking
Batting: RHB Joey Jones 0-0: Ball
1-0: SINGLE (Line Drive, 7LS)
Alden Wiley to second
Batting: RHB Javier Ch嫛ez 0-0: Fly out, F4 (Popup, 4)
Batting: RHB Chriss Mann 0-0: Ball
Passed Ball!
Alden Wiley to third
Joey Jones to second
1-0: Ball
2-0: Called Strike
2-1: Called Strike
2-2: Ball
3-2: Base on Balls
Batting: SHB Mitch Qualtrough 0-0: Called Strike
0-1: Ball
1-1: Fielders Choice at 2nd, 6-4 (Groundball, 6)
Bottom of the 7th over - 0 run(s), 2 hit(s), 0 error(s), 2 left on base; Northern Virginia 0 - Richardson City 1
TOP OF THE 8TH
Northern Virginia Retrievers batting - Pitching for Richardson City Thundercats : RHP Cordell Wilson
Batting: RHB Shohei Kiyomizu 0-0: Called Strike
0-1: Ground out 2-3 (Groundball, 15S)
Batting: SHB Jake Richardson 0-0: SINGLE (Groundball, 34D)
Batting: RHB Ju-chan Pak 0-0: Foul Ball, location: 2F
0-1: Swinging Strike
0-2: Foul Ball, location: 2F
0-2: Ball
1-2: Strikes out swinging
Pinch Hitting: RHB Bob Heller 0-0: Fielders Choice at 2nd, 5-4 (Groundball, 5)
Top of the 8th over - 0 run(s), 1 hit(s), 0 error(s), 0 left on base; Northern Virginia 0 - Richardson City 1
BOTTOM OF THE 8TH
Richardson City Thundercats batting - Pitching for Northern Virginia Retrievers : RHP 聲gel Navarro
Pitching: LHP Michael Rondeau
Now at 2B: Bob Heller
Batting: LHB Carroll Martin 0-0: Ground out 4-3 (Groundball, 4)
Batting: SHB Seishiro Nishimura 0-0: Ball
1-0: Swinging Strike
1-1: Swinging Strike
1-2: Strikes out swinging
Pitching: LHP Ilie Paunescu
Batting: LHB Fernando Ram甏ez 0-0: Called Strike
0-1: Foul Ball, location: 2F
0-2: Strikes out swinging
Bottom of the 8th over - 0 run(s), 0 hit(s), 0 error(s), 0 left on base; Northern Virginia 0 - Richardson City 1
TOP OF THE 9TH
Northern Virginia Retrievers batting - Pitching for Richardson City Thundercats : RHP Cordell Wilson
Batting: LHB Wayne Akers 0-0: Called Strike
0-1: Ball
1-1: Ball
2-1: Foul Ball, location: 2F
2-2: Ground out U3 (Groundball, 3L)
Pitching: RHP Dave Reed
Batting: LHB Francisco Ornelas 0-0: Ball
1-0: Called Strike
1-1: Ground out 6-3 (Groundball, 6)
Batting: LHB Munemori Ohara 0-0: Ball
1-0: Called Strike
1-1: Ground out 4-3 (Groundball, 4M)
Top of the 9th over - 0 run(s), 0 hit(s), 0 error(s), 0 left on base; Northern Virginia 0 - Richardson City 1
Friday, December 30th, 2016 - OOTP Baseball 17.12 Build 75